 Dungeon Crawl Stone Soup version 0.20-a0-1058-g0491fde (webtiles) character file.

308 Gorglomux the Cleaver (level 6, -1/51 HPs)
             Began as a Hill Orc Monk on Apr 26, 2017.
             Slain by a sky beast (6 damage)
             ... on level 5 of the Dungeon.
             The game lasted 00:06:08 (3134 turns).

Gorglomux the Cleaver (Hill Orc Monk)               Turns: 3134, Time: 00:06:09

Health: -1/51      AC:  6    Str: 15    XL:     6   Next: 40%
Magic:  6/6        EV: 11    Int: 10    God:
Gold:   127        SH:  0    Dex: 14    Spells: 5/5 levels left

rFire    . . .     SeeInvis .   y - +0 war axe
rCold    + . .     Gourm    .   (no shield)
rNeg     . . .     Faith    .   u - +0 ring mail
rPois    .         Spirit   .   t - +0 helmet
rElec    .         Reflect  .   (no cloak)
rCorr    .         Harm     .   (no gloves)
MR       .....                  (no boots)
Stlth    +.........             o - amulet of regeneration {+regen, !d}
Regen    0.6/turn               q - ring of protection from cold {rC+, !d}
MPRegen  0.1/turn               (no ring)

@: no status effects
A: no striking features
a: no special abilities


You were on level 5 of the Dungeon.
You were not hungry.

You visited 1 branch of the dungeon, and saw 5 of its levels.

You collected 127 gold pieces.

Inventory:

Hand Weapons
 a - a +0 hand axe
 y - a +0 war axe (weapon)
   (You found it on level 3 of the Dungeon)
Missiles
 g - a throwing net {=f, !d}
Armour
 t - a +0 helmet (worn)
   (You found it on level 2 of the Dungeon)
 u - a +0 ring mail (worn)
   (You found it on level 1 of the Dungeon)
Jewellery
 n - an uncursed amulet of magic regeneration
   (You found it on level 1 of the Dungeon)
 o - an amulet of regeneration (around neck) {+regen, !d}
   (You found it on level 1 of the Dungeon)
 q - a ring of protection from cold (left hand) {rC+, !d}
   (You found it on level 4 of the Dungeon)
Scrolls
 d - a scroll of magic mapping {unknown}
 e - 2 scrolls of fear
 i - a scroll of immolation {unknown}
 k - 6 scrolls of identify
 m - 2 scrolls of noise {unknown}
 p - a scroll of fog
 w - 3 scrolls of blinking {unknown}
 A - a scroll of remove curse
Potions
 b - a potion of resistance {unknown}
 f - 3 potions of heal wounds {unknown}
 h - 3 potions of lignification {unknown}
 j - 3 potions of curing
 s - a potion of haste {unknown}
 v - a potion of degeneration {unknown}
Comestibles
 c - 2 bread rations {@e1@e1}
 l - 2 royal jellies
 r - a meat ration {@e2@e2}
 x - 8 fruits
 z - 5 chunks of flesh {@w0@w0}


   Skills:
 - Level 3.6 Fighting
 + Level 9.2 Axes
 - Level 2.4 Dodging
 - Level 1.5 Stealth


You had 5 spell levels left.
You didn't know any spells.

Dungeon Overview and Level Annotations

Branches:
Dungeon (5/15)
 Temple: D:4-7

Altars:
Fedhas


Message History

Something wriggles in the net.
You slash something!
Something wriggles in the net.
Something wriggles in the net.
Something wriggles in the net.
A sky beast appears from thin air!
Reactivating autopickup.
A black bear comes into view.
Found a stone staircase leading down.
The black bear growls angrily.
The black bear bites you.
The black bear claws you but does no damage.
The black bear barely misses you.
There is a stone staircase leading up here.
You take 1 damage, and have 17/45 hp.
The black bear closely misses you. The black bear claws you.
The black bear claws you but does no damage.
You climb upwards.
There is a stone staircase leading down here.
You take 2 damage, and have 15/45 hp.
Unknown command.
There is a stone staircase leading down here.
The black bear bites you. The black bear barely misses you.
The black bear claws you but does no damage.
You take 1 damage, and have 34/45 hp.
You see here a scale mail.
You hit the black bear. The black bear bites you.
The black bear claws you but does no damage. x2
The black bear closely misses you.
The black bear claws you but does no damage. x2
You take 2 damage, and have 40/45 hp.
You slash the black bear! The black bear barely misses you.
The black bear claws you. x2
You take 4 damage, and have 36/45 hp.
You barely miss the black bear. The black bear barely misses you.
The black bear completely misses you. The black bear barely misses you.
You barely miss the black bear. The black bear barely misses you.
The black bear claws you but does no damage.
The black bear claws you.
You take 2 damage, and have 35/45 hp.
You closely miss the black bear. The black bear bites you!
The black bear claws you but does no damage.
The black bear claws you.
You take 8 damage, and have 27/45 hp.
You are too injured to fight recklessly!
You are too injured to fight recklessly!
You hit the black bear.
The black bear bites you but does no damage.
The black bear barely misses you.
The black bear claws you but does no damage.
You slash the black bear!
The black bear goes berserk!
You slash the black bear!
You kill the black bear!
Your Axes skill increases to level 9!
You have reached level 6!
Your experience leads to an increase in your attributes!
Increase (S)trength, (I)ntelligence, or (D)exterity?
You feel stronger.
You regained 4 hp, and now have 32/51 hp.
MP restored: 6
Things that are here:
a scale mail; a black bear corpse You butcher the black bear corpse.
z - 5 chunks of flesh {@w0@w0} (gained 4)
You see here a scale mail.
There is a stone staircase leading down here.
You regained 7 hp, and now have 42/51 hp.
You start resting.
Health restored: 51 You climb downwards.
The sky beast closely misses you.
There is a stone staircase leading up here.
You hit the sky beast but do no damage.
The sky beast flickers out of sight!
Deactivating autopickup; reactivate with Ctrl-A.
Something hits you. Something shocks you.
You take 8 damage, and have 43/51 hp.
No target in view!
No target in view!
No target in view!
You hit something but do no damage. Something hits you but does no damage.
You slash something! Something hits you but does no damage. Something hits you.
Something shocks you.
You take 7 damage, and have 36/51 hp.
You miss something. Something hits you. Something shocks you.
You take 7 damage, and have 29/51 hp.
You closely miss something. Something hits you. Something shocks you.
You take 7 damage, and have 22/51 hp.
You closely miss something. Something hits you. Something shocks you.
* * * LOW HITPOINT WARNING * * *
You take 7 damage, and have 15/51 hp.
You completely miss something. Something hits you.
* * * LOW HITPOINT WARNING * * *
Something shocks you.
* * * LOW HITPOINT WARNING * * *
You take 8 damage, and have 7/51 hp.
You hit something. Something hits you but does no damage.
Unknown command.
Something hits you.
* * * LOW HITPOINT WARNING * * *
Something shocks you.
You die...

##############
#............#
#............#
########............#.#
#...................#.#
########............#.####
#............#.##.#
#....(.......#.##.#
#..@.........#.##.#
#.{..........#.##.#
#####.##.##.##.##.##
#...................
#.###.##.##.##......
>..................
####.##Y###........
##....###.#.##.##
#................


There were no monsters in sight!

Vanquished Creatures
  A black bear (D:4)
  A scorpion (D:4)
  A worker ant (D:4)
  A howler monkey skeleton (D:4)
  4 adders
  A shadow imp (D:3)
  An ooze (D:1)
  3 worms
  A dart slug (D:1)
  2 leopard geckos
  3 ball pythons
  2 giant cockroaches
  9 goblins
  7 hobgoblins
  2 jackals (D:3)
  2 quokkas
  8 bats
  5 frilled lizards
  A jackal skeleton (D:4)
  7 kobolds
  A leopard gecko skeleton (D:4)
  6 rats
69 creatures vanquished.

Notes
Turn   | Place    | Note
-------+----------+-------------------------------------------
     0 | D:1      | Gorglomux the Hill Orc Monk began the quest for the Orb.
     0 | D:1      | Reached XP level 1. HP: 19/19 MP: 1/1
   119 | D:1      | Reached XP level 2. HP: 19/26 MP: 2/2
   376 | D:1      | Reached skill level 5 in Axes
   630 | D:2      | Found a blossoming altar of Fedhas.
   682 | D:2      | Reached XP level 3. HP: 28/31 MP: 3/3
   962 | D:2      | Reached skill level 6 in Axes
  1089 | D:2      | Reached XP level 4. HP: 39/39 MP: 4/4
  1572 | D:3      | Found a faded altar of an unknown god.
  1851 | D:3      | Reached skill level 7 in Axes
  1973 | D:4      | Reached XP level 5. HP: 45/45 MP: 5/5
  2567 | D:4      | Reached skill level 8 in Axes
  2931 | D:5      | Entered Level 5 of the Dungeon
  2985 | D:5      | Noticed a sky beast
  3004 | D:5      | HP: 11/45 [something (5)]
  3020 | D:5      | Noticed a black bear
  3091 | D:4      | Killed a black bear
  3091 | D:4      | Reached skill level 9 in Axes
  3091 | D:4      | Reached XP level 6. HP: 32/51 MP: 6/6
  3132 | D:5      | HP: 7/51 [something (6)]
  3134 | D:5      | Slain by a sky beast

Vault maps used:
D:1:      grunt_arrival_lava_bath
D:2:      minmay_door_path, fedhas_altar_2, first_bread, minmay_heptomino_h4
D:3:      chequers_ecumenical_altar_simple, nicolae_underground_beach
D:4:      serial_bayou, serial_bayou_pond_e, serial_bayou_lake_a,
          serial_bayou_pond_d, serial_bayou_pond_a, serial_bayou_pond_e,
          ldierk_geyser
D:5:      lemuel_insect_pit, minmay_temple_entry_glassed_door, uniq_grinder

Skill      XL: |  1  2  3  4  5 |
---------------+----------------+-----
Axes           | 5 6 7 9 |  9.2
Fighting       | |  3.6
Dodging        | |  2.4
Stealth        | |  1.5

Action                   |  1- 3 |  4- 6 || total
-------------------------+-------+-------++-------
Melee: Hand axe          |    99 |    45 ||   144
       War axe           |       |   107 ||   107
Throw: Throwing net      |       |     2 ||     2
  Use: Scroll            |       |     7 ||     7
 Stab: Sleeping          |     1 |       ||     1
  Eat: Chunk             |     1 |     6 ||     7
Armor: Robe              |     7 |       ||     7
       Ring mail         |    20 |    67 ||    87
Dodge: Dodged            |    53 |    84 ||   137

Vault maps used:
D:1:      grunt_arrival_lava_bath
D:2:      minmay_door_path, fedhas_altar_2, first_bread, minmay_heptomino_h4
D:3:      chequers_ecumenical_altar_simple, nicolae_underground_beach
D:4:      serial_bayou, serial_bayou_pond_e, serial_bayou_lake_a,
          serial_bayou_pond_d, serial_bayou_pond_a, serial_bayou_pond_e,
          ldierk_geyser
D:5:      lemuel_insect_pit, minmay_temple_entry_glassed_door, uniq_grinder

Table legend:
 A = Turns spent in this place as a percentage of turns spent in the entire game.
 B = Non-inter-level travel turns spent in this place as a percentage of non-inter-level travel turns spent in the entire game.
 C = Inter-level travel turns spent in this place as a percentage of turns spent in this place.
 D = Turns resting spent in this place as a percentage of non-inter-level travel turns spent in this place.
 E = Turns spent auto-exploring this place as a percentage of non-inter-level travel turns spent in this place.
 F = Non-inter-level travel turns spent in this place divided by the number of levels of this place that you've seen.
                   A       B       C       D       E      F
               +-------+-------+-------+-------+-------+----------------------
         Total | 100.0 | 100.0 |   0.8 |   1.2 |   9.9 | 217.4
       Dungeon | 100.0 | 100.0 |   0.8 |   1.2 |   9.9 | 217.4
               +-------+-------+-------+-------+-------+----------------------

Table legend:
 A = Kills in this place as a percentage of kills in entire the game.
 B = Kills by you in this place as a percentage of kills by you in the entire game.
 C = Kills by friends in this place as a percentage of kills by friends in the entire game.
 D = Other kills in this place as a percentage of other kills in the entire game.
 E = Experience gained in this place as a percentage of experience gained in the entire game.
 F = Experience gained in this place divided by the number of levels of this place that you have seen.
                   A       B       C       D       E      F
               +-------+-------+-------+-------+-------+----------------------
         Total | 100.0 | 100.0 |  -nan |  -nan | 100.0 |  88.0
       Dungeon | 100.0 | 100.0 |  -nan |  -nan | 100.0 |  88.0
               +-------+-------+-------+-------+-------+----------------------
